Map: 썬더버드 - 래더

Players

HeroMarine - Winner!

  • Race: Terran Terran
  • League: Master
  • Spawn Location: 5:00

OGZest (Zest)

  • Race: Protoss Protoss
  • Spawn Location: 11:00

Event: HomeStory Cup XIX

VOD

Have the link to the VOD?

Description

Time

  • Played on: June 28, 2019, 4:05 p.m.
  • Length: 17:37

All games in this series

Show
View Real Time Build Order
Export as new Build Order

HeroMarine Terran - Winner!

Build Orders: Reaper Expand 

Get SALT Encoding   

  12  0:00  SCV  
  13  0:12  SCV  
  14  0:17  Supply Depot  
  14  0:24  SCV  
  15  0:38  SCV  
  15  0:39  Barracks  
  16  0:43  Refinery  
  16  0:50  SCV  
  17  1:02  SCV  
  18  1:14  SCV  
  19  1:26  Reaper  
  19  1:27  Orbital Command  
  20  1:41  Command Center  
  20  1:47  Supply Depot  
  20  1:53  SCV  
  21  1:59  Barracks Reactor  
  21  2:05  Refinery, SCV  
  22  2:13  Bunker  
  22  2:17  SCV  
  22  2:21  Factory  
  23  2:29  SCV  
  24  2:34  Marine  
  24  2:35  Marine  
  26  2:41  SCV  
  27  2:52  Marine x2  
  27  2:53  SCV  
  27  2:55  Orbital Command  
  30  3:05  SCV  
  30  3:06  Factory Tech Lab, Starport  
  30  3:10  Marine x2  
  33  3:18  SCV  
  34  3:21  SCV  
  35  3:28  Marine x2  
  35  3:30  SCV  
  35  3:31  Factory Tech Lab  
  35  3:33  SCV  
  39  3:34  Supply Depot  
  39  3:42  SCV  
  39  3:43  Barracks  
  39  3:45  SCV  
  41  3:49  Raven  
  41  3:50  Marine  
  41  3:51  Marine  
  41  3:54  SCV  
  46  3:57  SCV  
  46  3:58  Supply Depot  
  46  3:59  Siege Tank  
  49  4:06  SCV  
  49  4:08  Marine x2  
  49  4:09  SCV  
  53  4:12  Refinery  
  53  4:18  SCV  
  53  4:21  SCV  
  55  4:30  SCV  
  56  4:31  Siege Tank  
  56  4:32  Command Center  
  56  4:33  SCV  
  60  4:40  Barracks, Stimpack  
  60  4:46  SCV x2  
  60  4:49  Supply Depot  
  62  4:54  Engineering Bay x2  
  62  5:02  Supply Depot  
  62  5:04  Refinery  
  62  5:10  Marauder, Marine x2, SCV x2  
  68  5:14  Supply Depot  
  68  5:22  SCV x2, Terran Infantry Weapons Level 1, Terran Infantry Armor Level 1  
  68  5:23  Factory Reactor, Starport Reactor  
  70  5:35  Combat Shield  
  72  5:36  Marauder x2  
  72  5:39  Marine x2  
  78  5:43  Supply Depot  
  78  5:45  Orbital Command  
  76  5:52  SCV x2  
  76  5:54  Barracks  
  76  5:56  Barracks  
  78  5:58  Marauder  
  78  5:59  Marauder  
  78  6:03  Marine x2  
  84  6:04  Medivac x2  
  84  6:08  SCV x2  
  88  6:17  Orbital Command  
  88  6:20  Marauder x2, SCV  
  88  6:21  SCV  
  88  6:25  Marine x2, Widow Mine  
  99  6:26  Widow Mine, Missile Turret  
  99  6:31  Supply Depot  
  99  6:33  SCV x2, Supply Depot  
  99  6:36  Medivac  
  103  6:41  Concussive Shells, Medivac  
  103  6:44  SCV, Supply Depot  
  103  6:46  SCV x2  
  108  6:48  Barracks Tech Lab  
  108  6:49  Barracks Reactor  
  107  6:56  SCV  
  107  6:57  Marine x2  
  107  6:58  SCV x2  
  107  7:00  Armory  
  116  7:01  Widow Mine x2  
  116  7:05  Marauder  
  116  7:06  Marauder  
  122  7:08  Marauder  
  122  7:10  SCV x2  
  122  7:11  SCV  
  124  7:16  Refinery  
  124  7:17  Ghost Academy, Refinery  
  124  7:23  SCV x3  
  124  7:24  Missile Turret  
  124  7:25  Missile Turret  
  124  7:27  Marauder  
  129  7:36  SCV x2, Supply Depot  
  131  7:38  SCV, Supply Depot  
  132  7:49  Marine  
  133  7:58  Marine x2  
  141  7:59  Marine, Supply Depot  
  141  8:00  SCV x3, Supply Depot  
  143  8:06  Terran Infantry Weapons Level 2, Ghost x2, Terran Infantry Armor Level 2  
  143  8:08  Sensor Tower  
  143  8:10  Command Center  
  143  8:11  Ghost  
  145  8:13  Marine  
  145  8:16  Marine  
  145  8:18  Supply Depot  
  145  8:23  Marine x2  
  147  8:33  Widow Mine x2, Medivac  
  151  8:35  Medivac  
  151  8:36  Marauder x2  
  159  8:42  Marine  
  159  8:43  Marine x2, Supply Depot x2  
  159  8:44  Marine  
  163  8:54  Terran Ship Weapons Level 1  
  163  8:56  Ghost  
  163  8:57  Marauder, Ghost  
  163  8:58  Widow Mine x2  
  171  9:03  Marine  
  171  9:04  Barracks, Marine x3  
  171  9:05  Barracks  
  171  9:06  Barracks  
  171  9:08  Supply Depot  
  173  9:18  Ghost  
  173  9:22  Marine x3  
  173  9:23  Medivac x2  
  181  9:25  Widow Mine, Ghost  
  181  9:27  Widow Mine  
  186  9:47  Starport  
  186  9:49  Marauder x2, Marine x2  
  186  9:51  Widow Mine x2  
  192  9:53  Barracks Tech Lab, Barracks Reactor  
  192  9:54  Barracks Tech Lab  
  192  9:55  SCV x3  
  195  10:03  Marauder  
  189  10:07  SCV x2  
  189  10:10  Marauder x2  
  189  10:11  Marine x2  
  192  10:14  Marauder  
  192  10:15  Marine x3  
  168  10:23  SCV x2  
  168  10:24  SCV  
  168  10:25  Marauder  
  168  10:28  Widow Mine x2  
  169  10:29  Marine x2  
  169  10:30  Marine x2  
  169  10:31  Marauder, Marine  
  169  10:33  Marine x3  
  169  10:34  Missile Turret  
  169  10:35  Marine, Refinery, Planetary Fortress  
  178  10:37  Missile Turret  
  178  10:41  Refinery  
  178  10:43  Medivac x2  
  178  10:46  Terran Infantry Weapons Level 3, Marauder  
  178  10:47  Marine x2  
  178  10:48  Marine x2  
  178  10:49  Marauder  
  190  10:51  Marauder  
  190  10:53  Marauder x2  
  190  10:54  Marine  
  191  11:07  Marauder  
  191  11:08  Terran Infantry Armor Level 3  
  191  11:11  Marauder  
  178  11:12  Marine x2  
  178  11:13  Marine x2, Marauder  
  178  11:14  Marauder  
  178  11:15  Marine x2, Marauder  
  167  11:24  Viking x3  
  165  11:28  Marine  
  165  11:30  Marine x2  
  165  11:31  Marine  
  165  11:32  Viking, Marauder  
  169  11:34  Marauder  
  169  11:35  Ghost  
  169  11:39  Marauder, Marine x2  
  177  11:41  Marine  
  180  11:47  Marauder  
  180  11:52  Missile Turret  
  180  11:53  Missile Turret  
  180  11:54  Marauder  
  182  11:55  Marauder  
  182  11:57  Viking x2  
  182  11:58  Viking  
  182  12:00  Ghost  
  192  12:04  Marauder  
  192  12:08  Marauder  
  196  12:09  Viking  
  196  12:11  Missile Turret  
  196  12:15  Marauder  
  197  12:39  Ghost x2  
  197  12:43  Command Center  
  197  12:44  Starport, Command Center  
  195  12:54  Viking x2, Ghost  
  189  13:01  Marauder x2  
  189  13:02  Marine x2  
  193  13:05  Terran Ship Weapons Level 2  
  193  13:07  Viking x2, Ghost  
  193  13:10  Fusion Core  
  197  13:27  Marine x2  
  197  13:29  Starport Tech Lab  
  197  13:41  Viking, Liberator x2  
  197  13:42  Viking  
  191  13:53  Marine x4  
  191  13:54  Marauder x3  
  191  13:55  Marauder x2  
  196  13:57  Advanced Ballistics, Liberator  
  198  14:03  Orbital Command  
  198  14:05  Liberator  
  198  14:07  Hi-Sec Auto Tracking  
  198  14:14  Refinery  
  198  14:16  Refinery  
  200  14:28  Planetary Fortress  
  200  14:30  Missile Turret  
  198  14:32  Liberator  
  198  14:33  Liberator  
  198  14:34  Liberator  
  198  14:35  Ghost, Missile Turret  
  195  15:08  Ghost  
  195  15:12  Personal Cloaking  
  195  15:13  Marine x3  
  200  15:18  Liberator x3  
  200  15:22  Sensor Tower  
  198  15:28  Liberator x2  
  200  15:42  Terran Vehicle And Ship Armor Level 1  
  198  15:44  Ghost x3  
  198  15:45  Ghost  
  198  15:46  Marine x3  
  198  15:47  Marine  
  200  16:00  Liberator  
  193  16:04  Liberator  
  193  16:05  Marauder, Marine x2, Liberator  
  193  16:06  Marine x2  
  190  16:11  Liberator  
  190  16:13  Marauder, Marine x2  
  190  16:14  Marauder x3  
  184  16:23  Marine x2  
  184  16:24  Marine x2  
  190  16:26  Marauder, Command Center  
  190  16:28  Command Center  
  190  16:30  Marine  
  190  16:31  Marine  
  190  16:35  Marauder x3, Marine  
  197  16:41  Marine x2  
  197  16:42  Marine  
  200  16:53  Marauder  
  195  16:56  Marine x3, Marauder x3  
  195  16:57  Marauder  
  181  17:03  Marine  
  179  17:09  Marine x2  
  179  17:14  Marauder, Marine x2  
  184  17:18  Marine  
Show
View Real Time Build Order
Export as new Build Order

OGZest Protoss 

Build Orders: 1 Gate Expand, Phoenix Opening, Blink Stalkers, Chargelot Immortal 

Get SALT Encoding   

  12  0:00  Probe  
  13  0:12  Probe  
  14  0:18  Pylon  
  14  0:23  Probe  
  15  0:32  Probe  
  15  0:36  Gateway  
  15  0:40  Probe  
  16  0:45  Assimilator  
  17  0:51  Probe  
  18  1:03  Probe  
  19  1:15  Probe  
  20  1:23  Cybernetics Core  
  20  1:35  Nexus  
  20  1:36  Probe  
  21  1:43  Pylon  
  21  1:48  Probe  
  21  1:50  Assimilator  
  21  1:51  Adept  
  22  2:00  Probe  
  23  2:03  Warp Gate  
  25  2:10  Probe  
  26  2:18  Probe  
  26  2:22  Sentry  
  29  2:26  Probe  
  30  2:37  Twilight Council  
  30  2:38  Probe  
  31  2:44  Probe  
  31  2:48  Stalker  
  31  2:50  Probe  
  35  2:52  Probe  
  35  2:57  Phoenix  
  36  3:01  Gateway  
  36  3:02  Probe x2  
  38  3:11  Probe  
  38  3:14  Probe  
  38  3:15  Blink  
  38  3:19  Probe  
  40  3:27  Probe, Pylon  
  42  3:29  Probe  
  43  3:39  Probe, Robotics Facility  
  43  3:41  Probe  
  45  3:42  Assimilator  
  45  3:46  Pylon  
  45  3:51  Probe  
  45  3:53  Probe  
  46  4:03  Probe  
  46  4:05  Probe  
  46  4:06  Stalker x2  
  52  4:13  Nexus  
  52  4:15  Probe  
  53  4:18  Probe  
  53  4:19  Pylon  
  53  4:20  Observer  
  53  4:22  Forge  
  54  4:27  Probe  
  54  4:30  Probe, Phoenix  
  57  4:34  Stalker x2  
  61  4:38  Pylon  
  61  4:39  Observer, Probe  
  61  4:42  Probe  
  61  4:44  Pylon  
  64  4:48  Protoss Ground Armor Level 1  
  64  4:51  Probe  
  65  4:54  Observer, Probe  
  65  4:56  Pylon  
  66  5:04  Stalker x2  
  66  5:05  Probe  
  66  5:06  Probe  
  73  5:17  Probe  
  73  5:18  Probe  
  73  5:20  Immortal  
  75  5:23  Charge  
  75  5:25  Gateway  
  75  5:27  Probe, Gateway  
  76  5:35  Probe x2  
  82  5:40  Probe  
  83  5:44  Forge  
  83  5:49  Nexus  
  83  5:50  Warp Prism  
  83  5:51  Probe x2  
  83  5:52  Probe, Pylon  
  83  5:54  Assimilator  
  86  5:59  Assimilator  
  86  6:03  Probe  
  86  6:04  Probe x2  
  89  6:16  Probe x2  
  89  6:18  Probe, Protoss Ground Weapons Level 1  
  92  6:21  Gateway  
  92  6:22  Gateway  
  92  6:27  Immortal  
  92  6:29  Probe x2  
  92  6:30  Protoss Ground Armor Level 2  
  92  6:32  Gateway  
  98  6:34  Gateway  
  98  6:35  Gateway  
  98  6:39  Templar Archives  
  98  6:45  Gateway  
  98  6:55  Zealot x4  
  98  6:58  Immortal  
  98  7:00  Pylon  
  106  7:02  Pylon  
  110  7:18  Stalker x6  
  122  7:27  Pylon  
  122  7:28  Dark Shrine  
  122  7:29  Probe x3  
  126  7:30  Probe  
  126  7:43  Observer  
  127  7:57  Immortal  
  123  7:59  Zealot x10  
  123  8:00  Templar Archives  
  139  8:08  Protoss Ground Weapons Level 2  
  139  8:11  Pylon  
  143  8:20  Zealot  
  143  8:21  Zealot x5  
  155  8:30  Zealot x4  
  159  8:40  Nexus  
  159  8:43  Assimilator, Pylon  
  159  8:45  Robotics Facility  
  159  8:47  Assimilator, Robotics Bay  
  159  8:51  Assimilator  
  159  9:02  Zealot x6, Protoss Ground Armor Level 3  
  171  9:07  Stalker, Pylon  
  171  9:11  Pylon  
  171  9:14  Pylon  
  167  9:34  Colossus x2  
  167  9:38  Stalker x6, Zealot x2  
  190  10:03  Zealot x2  
  190  10:04  Zealot x8  
  172  10:15  Immortal  
  172  10:17  Extended Thermal Lance  
  172  10:18  Colossus  
  108  10:30  High Templar x2  
  108  10:31  Protoss Ground Weapons Level 3, High Templar x4  
  108  10:32  Stalker x4  
  132  10:40  Archon x3  
  132  10:47  Colossus  
  132  10:56  Stalker x4  
  144  11:07  Zealot  
  144  11:08  Zealot x5  
  114  11:21  Stalker x4  
  106  11:30  Probe x4  
  106  11:31  Immortal  
  110  11:34  Sentry x3  
  110  11:35  Zealot, High Templar x2  
  110  11:36  Protoss Shields Level 1  
  126  11:43  Probe x5  
  126  11:45  Colossus  
  126  11:46  Archon  
  131  11:56  Zealot x5  
  147  12:04  Stalker x3  
  153  12:14  Stalker  
  153  12:15  Stalker  
  157  12:18  Zealot  
  157  12:19  Zealot x4  
  165  12:36  Zealot x3  
  169  12:39  Zealot x7  
  169  12:41  Observer  
  183  12:47  Observer  
  167  13:03  Zealot x10  
  167  13:04  Immortal  
  187  13:12  Immortal  
  195  13:27  Gateway  
  195  13:29  Gateway  
  195  13:31  Gateway  
  195  13:33  Gateway  
  195  13:40  Zealot x2  
  199  13:45  Stalker x2  
  199  13:46  Stalker  
  199  13:47  Disruptor x2, Protoss Shields Level 2  
  196  13:52  Stalker x5  
  184  14:03  Nexus  
  184  14:06  Pylon  
  184  14:14  Stalker  
  184  14:15  Stalker x3  
  192  14:22  Disruptor  
  192  14:23  Disruptor  
  198  14:31  Psionic Storm  
  198  14:35  Photon Cannon  
  198  14:36  Photon Cannon  
  198  14:38  Photon Cannon  
  198  14:39  Photon Cannon  
  198  14:41  Shield Battery  
  198  14:42  Shield Battery  
  198  14:43  Photon Cannon  
  198  14:45  Shadow Stride  
  198  14:56  Disruptor  
  196  15:01  Disruptor  
  192  15:29  Disruptor  
  192  15:34  Observer, Disruptor  
  195  15:38  Gateway  
  195  15:42  Gateway  
  198  15:47  Gravitic Boosters  
  176  16:13  Stalker x11  
  176  16:14  Stalker x2  
  140  16:20  Stalker  
  140  16:23  Observer  
  140  16:24  Observer  
  132  16:39  Stalker x3  
  134  16:40  Stalker x9, Zealot x2  
  134  16:45  Immortal x2  
  147  16:58  Zealot  
  147  16:59  Zealot  
  116  17:06  Stalker x13  
  116  17:07  Zealot  
  116  17:20  Stalker x2  
  106  17:28  Zealot  
  104  17:31  Zealot x4  
  104  17:33  Zealot x2  
Tags
 
Add a new tag
Caveats
  • Supply blocks, unpowered buildings, or Contaminate may cause inaccurate times.
  • Supply counts are checked every 10 seconds.